 Dungeon Crawl Stone Soup version 0.30-a0-509-gd016549fea (webtiles) character file.

Game seed: 14249033222601347514

17808 Mitcholas the Bludgeoner (level 12, -8/104 (106) HPs)
             Began as a Minotaur Fighter on Dec 22, 2022.
             Was a Follower of Yredelemnul.
             Mangled by a minotaur
             ... wielding a staff of air
              (13 damage)
             ... in a Gauntlet.
             The game lasted 00:37:16 (12162 turns).

Mitcholas the Bludgeoner (Minotaur Fighter)        Turns: 12162, Time: 00:37:16

HP:   -8/104 (106)  AC: 27    Str: 26    XL:     12   Next: 22%
MP:   15/15         EV:  7    Int:  5    God:    Yredelemnul [*.....]
Gold: 777           SH:  9    Dex: 10    Spells: 11/11 levels left

rFire   + . .      SeeInvis +    C - +3 morningstar (protect)
rCold   . . .      Faith    +    T - +0 kite shield
rNeg    . . .      Spirit   .    g - +2 chain mail {rF+}
rPois   +          Reflect  .    (helmet restricted)
rElec   .          Harm     .    u - +2 cloak
rCorr   .          Rampage  .    M - +0 pair of gloves
Will    .....      NoTele   +    h - +0 pair of boots
Stlth   ..........               I - amulet of faith
HPRegen 0.37/turn                L - ring of see invisible
MPRegen 0.14/turn                K - ring of poison resistance

@: under a protective aura, lightly drained, invisible
A: horns 2, retaliatory headbutt
a: Renounce Religion, Recall Undead Harvest


You were in a Gauntlet.
You worshipped Yredelemnul.
Yredelemnul was noncommittal.
You visited 3 branches of the dungeon, and saw 14 of its levels.
You also visited: Sewer and Gauntlet.

You collected 777 gold pieces.

Inventory:

Hand Weapons
 C - a +3 morningstar of protection (weapon)
Missiles
 k - 5 javelins (quivered)
 o - 2 silver javelins
 q - 25 poisoned darts
 Q - 3 curare-tipped darts
Armour
 g - a +2 chain mail of fire resistance (worn)
 h - a +0 pair of boots (worn)
 u - a +2 cloak (worn)
 E - the +2 pair of gloves "Onneucko" {Harm rPois rC+}
   (You found it in a Gauntlet)

   rC:        It protects you from cold.
   rPois:     It protects you from poison.
   Harm:      It increases damage dealt and taken.
 M - a +0 pair of gloves (worn)
 S - a +0 tower shield
 T - a +0 kite shield (worn)
Jewellery
 c - a ring of protection from fire
 I - an amulet of faith (around neck)
 K - a ring of poison resistance (right hand)
 L - a ring of see invisible (left hand)
Wands
 t - a wand of paralysis (6)
 y - a wand of mindburst (16)
 A - a wand of quicksilver (3)
 B - a wand of iceblast (3)
 R - a wand of flame (7)
Scrolls
 f - 9 scrolls of teleportation
 m - 2 scrolls of fog
 p - 3 scrolls of enchant armour
 s - a scroll of fear
 v - a scroll of poison
 w - a scroll of enchant weapon
 x - a scroll of brand weapon {unknown}
 z - a scroll of immolation
 D - 3 scrolls of vulnerability
 G - a scroll of noise
 H - 3 scrolls of magic mapping
 O - 2 scrolls of blinking
 P - 3 scrolls of identify
Potions
 a - a potion of cancellation {unknown}
 b - 3 potions of brilliance
 d - a potion of might
 e - a potion of flight {unknown}
 i - 5 potions of heal wounds {unknown}
 j - 9 potions of curing
 l - 2 potions of mutation
 n - a potion of attraction
 F - 3 potions of lignification {unknown}
 J - 2 potions of haste {unknown}
 N - a potion of magic {unknown}


   Skills:
 + Level 10.1 Fighting
 - Level 16.0 Maces & Flails
 + Level 10.1 Armour
 + Level 7.2 Shields
 * Level 5.9 Invocations
 - Level 6.0 Evocations


You had 11 spell levels left.
You didn't know any spells.
Your spell library contained the following spells:

 Spells                   Type           Power      Damage    Failure   Level
 Apportation              Tloc           0%         N/A       100%        1
 Magic Dart               Conj           0%         1d3       100%        1
 Necrotise                Necr           0%         1d4       100%        1
 Summon Small Mammal      Summ           0%         N/A       100%        1
 Call Imp                 Summ           0%         N/A       100%        2
 Sublimation of Blood     Necr           0%         N/A       100%        2
 Wereblood                Tmut           0%         N/A       100%        2
 Kindle Blastsparks       Fire/Tloc/Air  0%         2d10      100%        3
 Mephitic Cloud           Conj/Pois/Air  0%         N/A       100%        3
 Teleport Other           Tloc           0%         N/A       100%        3
 Vhi's Electric Charge    Tloc/Air       0%         N/A       100%        3
 Anguish                  Hex/Necr       0%         N/A       100%        4
 Fulminant Prism          Conj/Hex       0%         3d5       100%        4
 Iskenderun's Mystic Bla  Conj/Tloc      0%         2d3       100%        4
 Lee's Rapid Deconstruct  Erth           0%         3d4*      100%        5
 Summon Hydra             Summ           0%         N/A       100%        7


Dungeon Overview and Level Annotations

Branches:
Dungeon (11/15)            Temple (1/1) D:6            Lair (2/5) D:10
  Swamp (0/4) Lair:2          Orc (0/2) D:9           Sewer (visited)
Gauntlet (1/1)
  Snake: Lair:2-3    Spider: Lair:2-3

Altars:
Ashenzari
Cheibriados
Dithmenos
Elyvilon
Fedhas
Gozag
Hepliaklqana
Kikubaaqudgha
Makhleb
Nemelex Xobeh
Okawaru
Qazlal
Ru
Sif Muna
Trog
Uskayaw
Vehumet
Wu Jian
Xom
Yredelemnul
Zin
The Shining One

Shops:
D:1 (   D:5 *   D:6 (   D:9 **   D:11 [

Annotations:
D:7 2 transporters Gauntlet 6 transporters, 17 runed translucent doors


Innate Abilities, Weirdness & Mutations

You have a pair of horns on your head.
You reflexively headbutt those who attack you in melee.


Message History

Your elephant zombie is electrocuted!
Your elephant zombie is destroyed!
You swap places.
The minotaur throws a javelin.
The javelin pierces through you!!
The minotaur throws a javelin.
The javelin pierces through your ghost crab zombie!!
The javelin pierces through you!
The minotaur throws a javelin.
The javelin pierces through your dire elephant zombie!!
The javelin pierces through you but does no damage.
You start resting.
Something hits your dire elephant zombie.
Your dire elephant zombie is electrocuted!
Something gores your dire elephant zombie but does no damage.
Something hits your dire elephant zombie!!
Your dire elephant zombie is electrocuted!
Something gores your dire elephant zombie!
The minotaur hits your dire elephant zombie with a staff of air!!
Your dire elephant zombie is electrocuted.
Your dire elephant zombie is destroyed!
You can no longer trade souls for undead servants.
You swap places.
The minotaur hits you with a staff of air!!
The minotaur gores you.
The minotaur hits you with a staff of air.
You are electrocuted!
* * * LOW HITPOINT WARNING * * *
The minotaur gores you but does no damage.
You hit the minotaur but do no damage.
Your weapon exudes an aura of protection.
The minotaur hits you but does no damage.
You are electrocuted!
* * * LOW HITPOINT WARNING * * *
You block the minotaur's attack.
You fade into invisibility!
The minotaur hits you with a staff of air!
* * * LOW HITPOINT WARNING * * *
You are electrocuted!
You die...
Your body rises from the dead as a mindless zombie.

#...##.8.#..#".'..
#.#.##...#..#(.##+ #
#.#....8.#..#...+. ##'
#.#.##...#..#...+. #.⌠.
#...##...#..######
#...∩##.#.##.©.#≈.......
+⌠....'.#......#∩.......
#..⌠.##H#.##.©.#≈.......
### #@Z.##...#..######
#.#.##...#..#y....
#.#....8.#..#y##^.
#.#.##...#..#=^##.
#...##.8§#..#?..#.
######..§#..#©..#©
#§8≈#..#?..#.
#####..#.^##. #..#.##^.


You could see a minotaur (invisible, unable to see you) and a friendly ghost
crab zombie.

Vanquished Creatures
  A dire elephant (Gauntlet)
  A ghost crab (Gauntlet)
  The ghost of p00ps00p the Cleaver, a novice HOFi of Gozag (D:7)
  An oklob plant (Lair:1)
  2 elephants (Gauntlet)
  A cyclops (D:11)
  Maurice (D:8)
  2 black mambas
  A cane toad (Lair:1)
  2 kobold demonologists (D:10)
  A komodo dragon (D:11)
  3 trolls
  A hornet (D:9)
  A raiju (Gauntlet)
  4 blink frogs (Lair:2)
  A shadow (D:9)
  A black mamba zombie (Lair:2)
  2 basilisks
  9 yaks
  A vampire (D:11)
  2 steam dragons
  An acid dragon (D:10)
  7 water moccasins
  A spectral blink frog (Lair:2)
  Pargi (Sewer)
  2 ice beasts
  3 orc warriors
  5 black bears
  4 centaurs
  2 wolves (Lair:1)
  A phantom (D:6)
  4 kobold brigands
  5 bullfrogs
  A necrophage (D:3)
  A gnoll sergeant (D:11)
  4 scorpions
  11 wights
  3 yak zombies (Lair:2)
  10 killer bees
  5 howler monkeys
  6 orc priests
  A hound (D:5)
  A jelly (D:5)
  2 iguanas
  9 orc wizards
  8 gnolls
  An adder (D:4)
  2 shadow imps
  2 white imps
  3 ufetubi
  2 worms (D:3)
  A dart slug (D:5)
  26 orcs
  12 ball pythons
  10 endoplasms
  5 giant cockroaches
  3 goblins
  4 hobgoblins
  7 jackals
  24 kobolds
  6 quokkas (D:4)
  4 bats
  7 frilled lizards
  4 rats
  A spectral hobgoblin (D:1)
261 creatures vanquished.

Vanquished Creatures (collateral kills)
  A boulder beetle (D:11)
  A two-headed ogre (D:8)
  An ugly thing (D:11)
  An elephant (Gauntlet)
  A cane toad (Lair:1)
  A blink frog (Lair:2)
  A shadow (D:11)
  A yak (D:8)
  4 wolves (Lair:1)
  A centaur (D:9)
  A kobold brigand (D:10)
  A bullfrog (Lair:1)
  A wight (D:7)
  2 killer bees (D:8)
  An orc priest (D:11)
  An orc wizard (D:11)
  A gnoll (D:11)
  2 orcs
  A kobold (D:10)
24 creatures vanquished.

Vanquished Creatures (others)
  A dire elephant zombie (Gauntlet)
  A two-headed ogre zombie (D:8)
  An elephant zombie (Gauntlet)
  2 yak zombies
  3 centaur zombies
  A scorpion zombie (D:7)
  2 killer bee zombies
  A howler monkey zombie (D:8)
  A steam dragon zombie (Gauntlet)
  A spectral shadow imp (D:7)
  An orc zombie (D:7)
  17 fungi
  20 plants
52 creatures vanquished.

Grand Total: 337 creatures vanquished

Notes
Turn   | Place    | Note
-------+----------+-------------------------------------------
     0 | D:1      | Mitcholas the Minotaur Fighter began the quest for the Orb.
     0 | D:1      | Reached XP level 1. HP: 19/19 MP: 0/0
    70 | D:1      | Reached skill level 3 in Maces & Flails
    86 | D:1      | Reached XP level 2. HP: 26/26 MP: 1/1
   243 | D:1      | Reached skill level 4 in Maces & Flails
   484 | D:1      | Found a faded altar of an unknown god.
   592 | D:1      | Found Digrapa's Weapon Shop.
   798 | D:2      | Reached XP level 3. HP: 30/31 MP: 2/2
  1523 | D:3      | Reached skill level 5 in Maces & Flails
  1525 | D:3      | Reached XP level 4. HP: 38/39 MP: 3/3
  1561 | D:3      | Reached skill level 6 in Maces & Flails
  1734 | D:3      | Noticed a necrophage
  1742 | D:3      | Killed a necrophage
  1743 | D:3      | Reached XP level 5. HP: 45/45 MP: 4/4
  1909 | D:3      | Reached skill level 7 in Maces & Flails
  2246 | D:4      | Found a snail-covered altar of Cheibriados.
  2366 | D:4      | Found a glowing drain.
  2388 | Sewer    | Entered a sewer
  2423 | Sewer    | Noticed Pargi
  2443 | Sewer    | Killed Pargi
  2444 | Sewer    | Reached XP level 6. HP: 35/51 MP: 5/5
  2570 | Sewer    | Reached skill level 8 in Maces & Flails
  2799 | D:4      | Found a blossoming altar of Fedhas.
  3115 | D:4      | Found a broken altar of Ashenzari.
  3185 | D:4      | Reached skill level 9 in Maces & Flails
  3292 | D:4      | Reached XP level 7. HP: 57/57 MP: 6/6
  3486 | D:5      | Entered Level 5 of the Dungeon
  3626 | D:5      | Reached skill level 10 in Maces & Flails
  3918 | D:5      | Found Zin's Purification Station.
  3925 | D:5      | Found a glowing silver altar of Zin.
  4386 | D:6      | Reached XP level 8. HP: 67/67 MP: 7/7
  4517 | D:6      | Found a glowing golden altar of the Shining One.
  4677 | D:6      | Reached skill level 5 in Fighting
  4677 | D:6      | Reached skill level 5 in Shields
  4716 | D:6      | Reached skill level 5 in Armour
  4893 | D:6      | Reached skill level 1 in Evocations
  4905 | D:6      | Reached skill level 11 in Maces & Flails
  4983 | D:6      | Found a shadowy altar of Dithmenos.
  4991 | D:6      | Found a white marble altar of Elyvilon.
  5212 | D:6      | Found Ligul's Weapon Emporium.
  5327 | D:6      | Found a staircase to the Ecumenical Temple.
  5379 | Temple   | Entered the Ecumenical Temple
  5527 | Temple   | Became a worshipper of Yredelemnul the Dark
  5806 | D:7      | Reached * piety under Yredelemnul
  5824 | D:6      | Reached XP level 9. HP: 15/70 MP: 2/8
  6057 | D:7      | Found a transporter.
  6067 | D:7      | Found a transporter.
  6282 | D:7      | Reached skill level 12 in Maces & Flails
  6453 | D:7      | Found a burning altar of Makhleb.
  6527 | D:7      | Reached ** piety under Yredelemnul
  6547 | D:7      | Noticed a kobold demonologist
  6682 | D:7      | Found a runed translucent door.
  6683 | D:7      | Noticed p00ps00p's ghost (novice HOFi)
  6714 | D:7      | Killed p00ps00p's ghost
  6869 | D:8      | Noticed Maurice
  6883 | D:8      | Killed Maurice
  6884 | D:8      | Reached skill level 13 in Maces & Flails
  6884 | D:8      | Reached XP level 10. HP: 82/86 MP: 9/9
  7053 | D:8      | Noticed a two-headed ogre
  7059 | D:8      | Killed a two-headed ogre
  7075 | D:8      | Reached *** piety under Yredelemnul
  7588 | D:9      | Found Luttyn's Specific Store.
  7590 | D:9      | Found Ecrat's General Store.
  7632 | D:9      | Reached skill level 14 in Maces & Flails
  7851 | D:9      | Reached skill level 5 in Evocations
  7945 | D:9      | Found an opulent altar of Gozag.
  8089 | D:9      | Identified the +1 robe of Brilliance {Drain Fly Str+4
                  | Int+4}
  8097 | D:9      | Reached **** piety under Yredelemnul
  8210 | D:9      | Found a staircase to the Orcish Mines.
  8274 | D:9      | Reached ***** piety under Yredelemnul
  8733 | D:10     | Entered Level 10 of the Dungeon
  8833 | D:10     | Got Okiduruc's Disquisition on Displaced Mortification
  8939 | D:10     | Reached XP level 11. HP: 95/95 MP: 10/10
  8944 | D:10     | Reached skill level 1 in Invocations
  8949 | D:10     | Found a staircase to the Lair.
  9071 | D:10     | Found a stormy altar of Qazlal.
  9291 | D:11     | Noticed a cyan ugly thing
  9303 | D:11     | Killed a cyan ugly thing
  9304 | D:11     | Found Caefimp's Specialty Armours.
  9369 | D:11     | Noticed a boulder beetle
  9389 | D:11     | Killed a boulder beetle
  9663 | D:11     | Reached skill level 15 in Maces & Flails
 10284 | Lair:1   | Entered Level 1 of the Lair of Beasts
 10881 | Lair:1   | Noticed an oklob plant
 10891 | Lair:1   | Killed an oklob plant
 11313 | Lair:2   | Reached skill level 5 in Invocations
 11527 | Lair:2   | Found a gate leading to a gauntlet.
 11536 | Gauntlet | Entered a Gauntlet
 11536 | Gauntlet | Noticed a death scarab
 11536 | Gauntlet | Found a transporter.
 11536 | Gauntlet | Found a transporter.
 11536 | Gauntlet | Found a transporter.
 11537 | Gauntlet | Found a transporter.
 11540 | Gauntlet | Found a transporter.
 11540 | Gauntlet | Found a transporter.
 11547 | Gauntlet | Noticed a dire elephant
 11554 | Gauntlet | Found a transporter.
 11556 | Gauntlet | Found a large runed translucent door.
 11557 | Gauntlet | Found a large runed translucent door.
 11558 | Gauntlet | Found a large runed translucent door.
 11558 | Gauntlet | Found a runed translucent door.
 11559 | Gauntlet | Found a large runed translucent door.
 11559 | Gauntlet | Found a large runed translucent door.
 11560 | Gauntlet | Found a large runed translucent door.
 11561 | Gauntlet | Found a large runed translucent door.
 11561 | Gauntlet | Found a large runed translucent door.
 11562 | Gauntlet | Found a runed translucent gate.
 11563 | Gauntlet | Noticed a ghost crab
 11570 | Gauntlet | Found a transporter.
 11571 | Gauntlet | Found a transporter.
 11571 | Gauntlet | Found a runed translucent gate.
 11572 | Gauntlet | Found a runed translucent gate.
 11572 | Gauntlet | Found a runed translucent door.
 11573 | Gauntlet | Found a large runed translucent door.
 11573 | Gauntlet | Found a large runed translucent door.
 11574 | Gauntlet | Found a large runed translucent door.
 11575 | Gauntlet | Found a large runed translucent door.
 11584 | Gauntlet | Found a large runed translucent door.
 11584 | Gauntlet | Found a large runed translucent door.
 11585 | Gauntlet | Found a large runed translucent door.
 11586 | Gauntlet | Found a large runed translucent door.
 11588 | Gauntlet | Found a transporter.
 11592 | Gauntlet | Found a transporter.
 11662 | Gauntlet | Noticed a reaper
 11664 | Gauntlet | Found a transporter.
 11819 | Gauntlet | Reached XP level 12. HP: 88/106 MP: 14/14
 11915 | Gauntlet | Killed a dire elephant
 11916 | Gauntlet | Reached skill level 10 in Fighting
 11916 | Gauntlet | Reached skill level 10 in Armour
 11939 | Gauntlet | Identified the +2 pair of gloves "Onneucko" {Harm rPois
                  | rC+}
 12064 | Gauntlet | Killed a ghost crab
 12065 | Gauntlet | Reached skill level 16 in Maces & Flails
 12144 | Gauntlet | Identified the ring "Ufudgh" {+Blink rF+ rC+++ rCorr Int-5}
 12144 | Gauntlet | Noticed a minotaur
 12162 | Gauntlet | HP: 5/104 [minotaur/staff of air (9)]
 12162 | Gauntlet | Mangled by a minotaur

Illustrated notes

Levels and vault maps discovered:
D:1:      minmay_arrival_semitransparent, layout_basic, serial_shops,
          nicolae_shop_crystal, dreamdust_ecumenical_altar_drowned_temple
D:2:      layout_basic, minivault_24
D:3:      layout_loops_ring
D:4:      layout_gridville, nicolae_overflow_crystal_walls, cheibriados_altar_1,
          mainiacjoe_overflow_alcove_1, portal_sewer_entry_f
D:5:      layout_loops_ring, zin_purify
D:6:      layout_gridville, tso_metal_star, amethyst_overflow_temple_binary,
          temple_hall, serial_shops, shop, grunt_ministairs_3,
          minmay_stone_trees_medium
D:7:      gammafunk_wand_slinger, layout_gridville, lightli_temple_of_fire,
          ebering_ghost_reflecting_pool
D:8:      layout_rooms, uniq_maurice
D:9:      layout_basic, grunt_gozag_breadcrumbs, orc_0_dummy,
          nicolae_specific_store, minmay_quadrilaterals
D:10:     layout_cave_pools, mainiacjoe_overflow_tiny_flanked, lair_entry_dummy
D:11:     layout_cave_pools, minmay_misc_feat_roman, nicolae_barding_shop
Temple:   chequers_temple_sunken
Lair:1:   layout_chaotic_city
Lair:2:   layout_roguey, minmay_swamp_entry_eels, gauntlet_entry_generic,
          grunt_forest_stairs_clearing
Gauntlet: gammafunk_gauntlet_hard_choice [nicolae_gauntlet_arena_flowing_pool,
          gammafunk_gauntlet_arena_grid, gammafunk_gauntlet_arena_spirals,
          gammafunk_gauntlet_arena_mazey, gammafunk_gauntlet_arena_split_x,
          minmay_gauntlet_arena_make_your_own_arena, gauntlet_exit_hidden_loot]

Skill      XL: |  1  2  3  4  5  6  7  8  9 10 11 12 |
---------------+-------------------------------------+-----
Maces & Flails | 3 4 5 6 7 9 10 11 13 14 15 16 | 16.0
Fighting       | 4 5 7 8 9 10 | 10.1
Armour         | 4 5 7 8 9 10 | 10.1
Shields        | 4 5 6 7 |  7.2
Evocations     | 2 3 5 6 |  6.0
Invocations    | 5 |  5.9

Action                   |  1- 3 |  4- 6 |  7- 9 | 10-12 || total
-------------------------+-------+-------+-------+-------++-------
Melee: Flail             |    78 |   139 |    91 |       ||   308
       Headbutt          |     7 |    22 |    37 |    57 ||   123
       Morningstar       |       |       |   161 |   336 ||   497
Invok: Recall Undead Har |       |       |     3 |     2 ||     5
       Bind Soul         |       |       |       |     1 ||     1
  Use: Scroll            |       |     7 |     2 |     9 ||    18
       Potion            |       |       |     1 |     1 ||     2
 Stab: Distracted        |       |       |     2 |     1 ||     3
Armor: Scale mail        |    26 |       |       |       ||    26
       Chain mail        |    23 |    90 |   189 |   226 ||   528
Dodge: Dodged            |    30 |    56 |    89 |   114 ||   289
Block: Buckler           |    20 |    26 |    65 |    61 ||   172
       Kite shield       |       |       |       |    49 ||    49

Table legend: (Time is in decaauts)
 A = Elapsed time spent in this place.
 B = Non-inter-level travel time spent in this place.
 C = Inter-level travel time spent in this place.
 D = Time resting spent in this place.
 E = Time spent auto-exploring this place.
 F = Levels seen in this place.
 G = Mean time per level.
                   A        B        C        D        E       F      G
               +--------+--------+--------+--------+--------+-----+--------+
         Total |  12220 |  11525 |    695 |   1521 |   7431 |  16 |  763.8 |
       Dungeon |   9855 |   9249 |    606 |   1042 |   6263 |  11 |  895.9 |
        Temple |    212 |    190 |     22 |      0 |    153 |   1 |  212.0 |
          Lair |   1243 |   1176 |     67 |    267 |    695 |   2 |  621.5 |
         Sewer |    288 |    288 |      0 |      0 |    188 |   1 |  288.0 |
      Gauntlet |    620 |    620 |      0 |    212 |    131 |   1 |  620.0 |
               +--------+--------+--------+--------+--------+-----+--------+

Top non-repeatable levels by time:
     D:6: 1446 daAuts
     D:9: 1152 daAuts
  Lair:1: 972 daAuts
    D:11: 971 daAuts
     D:4: 961 daAuts
     D:5: 889 daAuts
     D:3: 860 daAuts
     D:7: 823 daAuts
     D:1: 748 daAuts
     D:8: 731 daAuts
     D:2: 713 daAuts
Gauntlet: 620 daAuts
    D:10: 555 daAuts
   Sewer: 288 daAuts
  Lair:2: 271 daAuts
